 Dungeon Crawl Stone Soup version 0.26-a0-651-gb41185065b (webtiles) character file.

Game seed: 15178889319918677323

52 sking99 the Poker (level 3, -1/29 HPs)
             Began as a Demonspawn Monk on Oct 17, 2020.
             Slain by an ogre
             ... wielding a +0 giant spiked club
              (30 damage)
             ... on level 3 of the Dungeon.
             The game lasted 00:02:54 (1903 turns).

sking99 the Poker (Demonspawn Monk)                 Turns: 1903, Time: 00:02:55

Health: -1/29      AC:  6    Str: 12    XL:     3   Next: 60%
Magic:  3/3        EV: 12    Int: 11    God:
Gold:   43         SH:  0    Dex: 15    Spells: 2/2 levels left

rFire    . . .     SeeInvis .   a - +0 spear
rCold    . . .     Faith    .   (no shield)
rNeg     . . .     Spirit   .   h - +0 leather armour
rPois    .         Reflect  .   (no helmet)
rElec    .         Harm     .   g - +0 cloak
rCorr    .         Rampage  .   e - +1 pair of gloves
MR       .....                  (no boots)
Stlth    ++........             (no amulet)
HPRegen  0.09/turn              (no ring)
MPRegen  0.08/turn              (no ring)

@: no status effects
A: demonic guardian 1
a: no special abilities


You were on level 3 of the Dungeon.
You visited 1 branch of the dungeon, and saw 3 of its levels.

You collected 43 gold pieces.

Inventory:

Hand Weapons
 a - a +0 spear (weapon)
Armour
 e - a +1 pair of gloves (worn)
 g - a +0 cloak (worn)
 h - a +0 leather armour (worn)
Scrolls
 b - a scroll of teleportation {unknown}
 c - a scroll of fear {unknown}
 d - 2 scrolls of identify {unknown}
Potions
 f - 2 potions of flight {unknown}


   Skills:
 + Level 3.5 Fighting
 * Level 3.8 Polearms
 - Level 2.6 Dodging
 - Level 1.7 Stealth


You had 2 spell levels left.
You didn't know any spells.
Your spell library was empty.

Dungeon Overview and Level Annotations

Branches:
Dungeon (2/15)

Altars:


Innate Abilities, Weirdness & Mutations

A weak demonic guardian rushes to your aid.


Message History

Aim: an ogre, wielding a +0 giant spiked club (lightly wounded)
You reach to attack!
You hit the ogre.
The ogre is moderately wounded.
Your shadow imp barely misses the ogre.
Your shadow imp gestures at the ogre.
The ogre writhes in agony.
The ogre misses you.
You hit the ogre.
The ogre is heavily wounded.
Your shadow imp hits the ogre.
The ogre hits your shadow imp with a +0 giant spiked club!
Your shadow imp dies!
The ogre shouts!
You hit the ogre.
The ogre is almost dead.
You hit the ogre.
The ogre is almost dead.
The ogre hits you with a +0 giant spiked club!!
Ouch! That really hurt!
You die...

#############
#[..........###
#..............
#...........#
#...........#
#....†...!..#
#..............#
#............O.#
#............@.#
................+
...###...........#
.... #...........#
... ##.##########


You could see an ogre.

Vanquished Creatures
  2 adders (D:2)
  A worm (D:2)
  2 dart slugs (D:1)
  A leopard gecko (D:1)
  7 bats
  A goblin (D:1)
  3 hobgoblins (D:1)
  A ball python skeleton (D:2)
  3 frilled lizards (D:1)
  3 kobolds (D:1)
  3 rats
27 creatures vanquished.

Vanquished Creatures (collateral kills)
  A goblin (D:3)
1 creature vanquished.

Grand Total: 28 creatures vanquished

Notes
Turn   | Place    | Note
-------+----------+-------------------------------------------
     0 | D:1      | sking99 the Demonspawn Monk began the quest for the Orb.
     0 | D:1      | Reached XP level 1. HP: 18/18 MP: 1/1
   234 | D:1      | Gained mutation: A weak demonic guardian rushes to your
                  | aid. [demonic ancestry]
   234 | D:1      | Reached XP level 2. HP: 17/24 MP: 2/2
  1318 | D:2      | Reached XP level 3. HP: 19/29 MP: 3/3
  1334 | D:1      | HP: 1/29 [poisoned by an adder]
  1882 | D:2      | You fall into a shaft and drop 1 floor!
  1883 | D:3      | Noticed an ogre
  1903 | D:3      | Slain by an ogre

Illustrated notes

Levels and vault maps discovered:
D:1:      dpeg_arrival_oval, layout_basic
D:2:      layout_basic
D:3:      layout_basic, nicolae_qazlal_style_of_elements

Skill      XL: |  1 |
---------------+----+-----
Polearms       | 3 |  3.8
Fighting       | |  3.5
Dodging        | |  2.6
Stealth        | |  1.7

Action                   || total
-------------------------++-------
Melee: Spear             ||   118
 Stab: Sleeping          ||     3
Armor: Robe              ||    10
       Leather armour    ||     2
Dodge: Dodged            ||    71

Table legend: (Time is in decaauts)
 A = Elapsed time spent in this place.
 B = Non-inter-level travel time spent in this place.
 C = Inter-level travel time spent in this place.
 D = Time resting spent in this place.
 E = Time spent auto-exploring this place.
 F = Levels seen in this place.
 G = Mean time per level.
                   A        B        C        D        E       F      G
               +--------+--------+--------+--------+--------+-----+--------+
         Total |   1896 |   1820 |     76 |    714 |    831 |   3 |  632.0 |
       Dungeon |   1896 |   1820 |     76 |    714 |    831 |   3 |  632.0 |
               +--------+--------+--------+--------+--------+-----+--------+

Top non-repeatable levels by time:
     D:1: 1713 daAuts
     D:2: 162 daAuts
     D:3: 20 daAuts
